 Dungeon Crawl Stone Soup version 0.23.2-1-ga50397a6bc (webtiles) character file.

Game seed: 185324679742654260

1765925 Mulqof the Wrestler (level 27, 330/330 HPs)
             Began as a Troll Hunter on May 9, 2019.
             Was a Follower of Uskayaw.
             Escaped with the Orb
             ... and 3 runes on May 11, 2019!
             The game lasted 04:33:08 (65049 turns).

Mulqof the Wrestler (Troll Hunter)                 Turns: 65049, Time: 04:33:09

Health: 330/330    AC: 27    Str: 32    XL:     27
Magic:  42/42      EV: 17    Int:  9    God:    Uskayaw [*.....]
Gold:   4779       SH: 33    Dex: 15    Spells: 16/26 levels left

rFire    + . .     SeeInvis .     - Unarmed
rCold    + + .     Gourm    +   L - +18 shield of the Gong {rElec rN+ MR+ EV-5}
rNeg     + + +     Faith    .   R - +6 pearl dragon scales
rPois    +         Spirit   .   a - +1 hat {MR+}
rElec    +         Reflect  .   K - scarf {rC+ rF+}
rCorr    .         Harm     .   (gloves unavailable)
MR       +++++                  (boots unavailable)
Stlth    ..........             M - amulet of the acrobat
HPRegen  1.05/turn              Z - ring "Tismiofi" {rPois rN+ MR++ MP+9 Str+4}
MPRegen  0.28/turn              S - ring of Phasing {EV+8}

@: very slightly contaminated, hasted, very quick
A: large, unfitting armour, claws 3, cold resistance 1, deterioration 1, dopey
1, fast metabolism 3, gourmand, regeneration 1, robust 1, shaggy fur 1, tough
skin 3, wild magic 3, no potion heal 1
0: Orb of Zot
}: 3/15 runes: decaying, serpentine, silver
a: Stomp, Renounce Religion


You escaped.
You worshipped Uskayaw.
Uskayaw was pleased with you.
You were not hungry.

You visited 9 branches of the dungeon, and saw 49 of its levels.
You visited 1 bazaar.
You also visited: Ossuary and Gauntlet.

You collected 9354 gold pieces.
You spent 4575 gold pieces at shops.

Inventory:

Missiles
 c - 145 large rocks (quivered)
 d - 11 throwing nets
Armour
 a - a +1 hat of magic resistance (worn)
 K - a scarf of resistance (worn)
 L - the +18 shield of the Gong (worn) {rElec rN+ MR+ EV-5}
   (You took it off a deep elf death mage on level 3 of the Elven Halls)

   It affects your evasion (-5).
   It insulates you from electricity.
   It protects you from negative energy.
   It affects your resistance to hostile enchantments.
 P - a +1 large shield of reflection
 R - +6 pearl dragon scales (worn)
Magical Staves
 Y - an uncursed staff of wizardry
Jewellery
 e - the ring "Rusoichido" {rF++ AC+5 Int-4}
   (You bought it in a shop on level 4 of the Snake Pit)

   [ring of protection]

   It affects your AC (+5).
   It affects your intelligence (-4).
   It greatly protects you from fire.
 i - the ring of Ulomuw {+Blink +Inv rN++ Str+6 Dex-2}
   (You found it on level 6 of the Dungeon)

   [ring of strength]

   It affects your strength (+6).
   It affects your dexterity (-2).
   It greatly protects you from negative energy.
   It lets you turn invisible.
   It lets you blink.
 q - the ring of the Five Lives {Int+2 SInv}
   (You acquired it on level 3 of the Swamp)

   [ring of see invisible]

   It affects your intelligence (+2).
   It lets you see invisible.
 G - an uncursed ring of resist corrosion
 M - an amulet of the acrobat (around neck)
 N - the ring of Suerrou {Wiz -Tele +Inv rF+ Dex+3}
   (You took it off a vault warden on level 5 of the Vaults)

   [ring of wizardry]

   It improves your spell success rate.
   It affects your dexterity (+3).
   It protects you from fire.
   It lets you turn invisible.
   It prevents most forms of teleportation.
 S - the ring of Phasing (right claw) {EV+8}
   (You found it on level 1 of the Depths)

   [ring of evasion]

   It affects your evasion (+8).
 Z - the ring "Tismiofi" (left claw) {rPois rN+ MR++ MP+9 Str+4}
   (You found it on level 3 of the Realm of Zot)

   [ring of magical power]

   It affects your strength (+4).
   It protects you from poison.
   It protects you from negative energy.
   It affects your resistance to hostile enchantments.
   It affects your magic capacity (+9).
Wands
 y - a wand of paralysis (15)
 D - a wand of enslavement (17)
 F - a wand of digging (2)
 H - a wand of clouds (5)
 Q - a wand of acid (14)
 T - a wand of iceblast (4)
Scrolls
 b - 6 scrolls of fear
 l - 33 scrolls of remove curse
 r - 2 scrolls of silence
 s - 10 scrolls of fog
 t - 20 scrolls of teleportation
 A - a scroll of magic mapping
 B - 7 scrolls of blinking
 J - 8 scrolls of immolation
 V - 15 scrolls of identify
 W - a scroll of summoning
Potions
 h - 29 potions of curing
 j - 8 potions of flight
 k - 5 potions of cancellation
 m - 4 potions of haste
 n - 5 potions of ambrosia
 o - 6 potions of magic
 p - 10 potions of heal wounds
 v - 2 potions of brilliance
 w - 2 potions of invisibility
 x - a potion of agility
 z - 3 potions of berserk rage
 C - 5 potions of mutation
 E - 2 potions of resistance
Miscellaneous
 g - a lamp of fire
 u - a lightning rod (4/4)
 I - a phial of floods
 O - a box of beasts
 X - 3 phantom mirrors
Comestibles
 f - 82 rations


   Skills:
 - Level 22.0 Fighting
 - Level 10.1 Throwing
 - Level 15.0 Armour
 - Level 10.0 Dodging
 - Level 0.3 Stealth
 - Level 15.0 Shields
 + Level 24.9 Unarmed Combat
 - Level 15.0 Invocations
 - Level 6.0 Evocations


You had 16 spell levels left.
You knew the following spells:

 Your Spells              Type           Power        Failure   Level  Hunger
a - Summon Butterflies    Summ           #.......     82%         1    ##.....
b - Passage of Golubria   Tloc           N/A          100%        4    #####..
c - Apportation           Tloc           #.....       82%         1    ##.....
d - Confusing Touch       Hex            #.....       82%         1    ##.....
e - Portal Projectile     Hex/Tloc       #.....       98%         3    ####...

Your spell library contained the following spells:

 Spells                   Type           Power        Failure   Level  Hunger
 Animate Skeleton         Necr           N/A          82%         1    ##.....
 Corona                   Hex            #......      82%         1    ##.....
 Flame Tongue             Conj/Fire      #....        82%         1    ##.....
 Freeze                   Ice            #...         82%         1    ##.....
 Infusion                 Chrm           #...         82%         1    ##.....
 Magic Dart               Conj           #...         82%         1    ##.....
 Sandblast                Erth           #.....       82%         1    ##.....
 Sting                    Conj/Pois      #...         82%         1    ##.....
 Summon Small Mammal      Summ           #...         82%         1    ##.....
 Blink                    Tloc           N/A          90%         2    ###....
 Call Imp                 Summ           #.......     90%         2    ###....
 Ensorcelled Hibernation  Hex/Ice        #.....       90%         2    ###....
 Passwall                 Tmut/Erth      #.......     90%         2    ###....
 Poisonous Vapours        Pois/Air       #.....       90%         2    ###....
 Searing Ray              Conj           #.....       90%         2    ###....
 Shroud of Golubria       Chrm/Tloc      #.........   90%         2    ###....
 Slow                     Hex            #.......     90%         2    ###....
 Song of Slaying          Chrm           #.......     90%         2    ###....
 Sublimation of Blood     Necr           #.........   90%         2    ###....
 Throw Flame              Conj/Fire      #.....       90%         2    ###....
 Throw Frost              Conj/Ice       #.....       90%         2    ###....
 Call Canine Familiar     Summ           #.......     98%         3    ####...
 Confuse                  Hex            #.......     98%         3    ####...
 Conjure Flame            Conj/Fire      #.......     98%         3    ####...
 Dazzling Spray           Conj/Hex       #.....       98%         3    ####...
 Gell's Gravitas          Tloc           #.........   98%         3    ####...
 Ignite Poison            Fire/Tmut/Pois #.......     98%         3    ####...
 Inner Flame              Hex/Fire       #.......     98%         3    ####...
 Lesser Beckoning         Tloc           #.........   98%         3    ####...
 Mephitic Cloud           Conj/Pois/Air  #.......     98%         3    ####...
 Ozocubu's Armour         Chrm/Ice       #.......     98%         3    ####...
 Recall                   Summ/Tloc      N/A          98%         3    ####...
 Regeneration             Chrm/Necr      #.........   98%         3    ####...
 Spectral Weapon          Hex/Chrm       #.......     98%         3    ####...
 Stone Arrow              Conj/Erth      #.....       98%         3    ####...
 Teleport Other           Tloc           #.......     98%         3    ####...
 Tukima's Dance           Hex            #.......     98%         3    ####...
 Animate Dead             Necr           N/A          100%        4    #####..
 Cause Fear               Hex            #.........   100%        4    #####..
 Force Lance              Conj/Tloc      #.......     100%        4    #####..
 Fulminant Prism          Conj/Hex       #.........   100%        4    #####..
 Ice Form                 Ice/Tmut       #.......     100%        4    #####..
 Iskenderun's Mystic Bla  Conj           #.......     100%        4    #####..
 Leda's Liquefaction      Hex/Erth       #.........   100%        4    #####..
 Olgreb's Toxic Radiance  Pois           #.......     100%        4    #####..
 Petrify                  Tmut/Erth      #.......     100%        4    #####..
 Sticky Flame             Conj/Fire      #.......     100%        4    #####..
 Summon Ice Beast         Ice/Summ       #.......     100%        4    #####..
 Throw Icicle             Conj/Ice       #.......     100%        4    #####..
 Alistair's Intoxication  Tmut/Pois      #.......     100%        5    ######.
 Bolt of Magma            Conj/Fire/Erth #.........   100%        5    ######.
 Borgnjor's Vile Clutch   Necr/Erth      #.........   100%        5    ######.
 Fireball                 Conj/Fire      #.........   100%        5    ######.
 Irradiate                Conj/Tmut      #.........   100%        5    ######.
 Iskenderun's Battlesphe  Conj/Chrm      #.......     100%        5    ######.
 Lee's Rapid Deconstruct  Erth           #.........   100%        5    ######.
 Metabolic Englaciation   Hex/Ice        #.........   100%        5    ######.
 Summon Mana Viper        Hex/Summ       #.......     100%        5    ######.
 Venom Bolt               Conj/Pois      #.........   100%        5    ######.
 Bolt of Cold             Conj/Ice       #.........   100%        6    #######
 Bolt of Fire             Conj/Fire      #.........   100%        6    #######
 Death Channel            Necr           #.........   100%        6    #######
 Freezing Cloud           Conj/Ice/Air   #.........   100%        6    #######
 Hydra Form               Tmut           #.........   100%        6    #######
 Invisibility             Hex            #.......     100%        6    #######
 Iron Shot                Conj/Erth      #.........   100%        6    #######
 Ozocubu's Refrigeration  Ice            #.........   100%        6    #######
 Simulacrum               Ice/Necr       #.........   100%        6    #######
 Statue Form              Tmut/Erth      #........    100%        6    #######
 Dragon Form              Tmut           #.........   100%        7    #######
 Orb of Destruction       Conj           #.........   100%        7    #######
 Ring of Flames           Chrm/Fire      #.........   100%        7    #######
 Spellforged Servitor     Conj/Summ      #.........   100%        7    #######
 Summon Hydra             Summ           #.........   100%        7    #######
 Ignition                 Fire           #.........   100%        8    #######


Dungeon Overview and Level Annotations

Branches:
Dungeon (15/15)            Temple (0/1) D:6            Lair (6/6) D:9
  Swamp (4/4) Lair:4        Snake (4/4) Lair:2        Slime (0/5) Lair:5
    Orc (2/2) D:11            Elf (3/3) Orc:2        Vaults (5/5) D:13
  Crypt (0/3) Vaults:3     Depths (5/5) D:15            Zot (5/5) Depths:5

Altars:
Ashenzari
Cheibriados
Elyvilon
Gozag
Hepliaklqana
Kikubaaqudgha
Makhleb
Okawaru
Ru
Sif Muna
Trog
Uskayaw
Vehumet
Wu Jian
Yredelemnul
Zin
The Shining One

Shops:
D:10 *   D:11 !   Orc:2 **[:   Elf:1 ?[   Elf:3 !   Snake:2 *   Snake:4 ==}
Vaults:2 [((   Depths:2 !   Depths:3 !

Portals:
Hell: Depths:1 Depths:2 Depths:3 Depths:4 Depths:5
Abyss: Depths:3 Depths:4 Depths:5
Pandemonium: Depths:1 Depths:3
Ziggurat: Depths:1
Trove: D:15 (give +4 storm dragon scales)

Annotations:
D:4 3 runed translucent doors, Sigmund; TheAraber's ghost, amateur TeAE
D:11 exclusion: downstairs
Lair:2 exclusion: downstairs
Lair:5 2 transporters, oldnick's ghost, journeyman TrMo
Swamp:2 exclusion: downstairs
Elf:2 exclusion: 5 doors
Vaults:3 3 runed translucent doors, exclusion: downstairs, Bnni's ghost, adept VSAs
Vaults:4 2 runed translucent doors, Bnni's ghost, legendary FoHu
Zot:2 exclusion: downstairs
Zot:5 1 runed translucent door, Danqa's ghost, legendary HOFi


Innate Abilities, Weirdness & Mutations

You are too large for most types of armour.
You have claws for hands.
Your metabolism is lightning-fast.
You like to eat raw meat.
Your natural rate of healing is unusually fast.
You are covered in fur. (AC +1)
You have extremely tough skin. (AC +3)
Your flesh is cold resistant. (rC+)
Your body sometimes deteriorates upon taking damage.
You are dopey. (Int -2)
You are robust. (+10% HP)
Your spells are much harder to cast, but much more powerful.
Potions are less effective at restoring your health.


Message History

GONNNNG!
You block the hell beast's attack.
GONNNNG!
You feel yourself speed up. You block the hell beast's attack.
BONNNG!
You block the hell beast's attack.
GONNNNG!
You block the hell beast's attack.
GONNNNG!
The hell beast tramples you!
You hold your ground!
You block the hell beast's attack.
BOUMMMMG!
You block the hell beast's attack.
GONNNNG!
There is a staircase leading out of the dungeon here.
You mangle the hell beast!!
The hell beast is moderately wounded.
You eviscerate the hell beast!!!!
You kill the hell beast!
You have escaped!

♣.♣♣♣
♣♣.♣♣♣.
♣.♣
♣♣♣.♣♣ ♣♣
♣.♣♣
♣♣♣..♣♣ ♣
♣..♣
♣..♣♣♣
♣♣.♣♣
♣.♣♣
♣♣..♣♣
♣♣.♣♣
♣♣♣..♣.♣
♣♣.♣ ♣♣
♣......♣
♣♣.♣♣ ♣≈
♣♣..@..♣
♣.♣.♣
♣≈≈≈
♣♣...P♣
♣..♣♣♣≈≈≈
♣♣♣♣♣♣
♣P♣♣♣ ♣
♣♣


There were no monsters in sight!

Vanquished Creatures
  Mara (Vaults:4)
  5 orbs of fire
  8 ancient liches
  A pandemonium lord (D:11)
  Sojobo (Depths:2)
  4 Killer Klowns
  3 curse toes (Zot:4)
  A caustic shrike (Depths:4)
  6 golden dragons
  Jory (Depths:3)
  Nikola (Vaults:2)
  2 bone dragons (Depths:5)
  A Brimstone Fiend (D:11)
  3 electric golems
  26 Orb Guardians
  14 tentacled monstrosities
  5 deep elf blademasters
  7 titans
  5 liches
  2 deep elf master archers (Elf:3)
  7 quicksilver dragons
  An ancient champion (Depths:2)
  8 sphinxes
  7 death cobs
  10 tengu reavers
  2 thorn hunters
  11 storm dragons
  3 draconian monks
  An azure jelly (shapeshifter) (Vaults:5)
  8 fire giants
  A shadow dragon (shapeshifter) (Depths:4)
  11 shadow dragons
  7 nagarajas (Snake:4)
  6 frost giants
  9 deep elf sorcerers
  Aizul (Swamp:2)
  7 draconian knights
  13 vault wardens
  An orc warlord (Orc:1)
  An iron dragon (Vaults:5)
  Louise (D:14)
  7 draconian scorchers
  A ghost moth (Zot:3)
  4 draconian shifters
  5 draconian stormcallers
  4 deep elf elementalists
  4 war gargoyles
  13 ironheart preservers
  20 very ugly things
  6 draconian annihilators
  26 stone giants
  A spriggan defender (Depths:4)
  An entropy weaver (Vaults:4)
  14 yellow draconians
  11 green draconians
  A minotaur (Gauntlet)
  5 vampire knights
  4 black draconians
  16 white draconians
  2 deep elf demonologists
  16 purple draconians
  6 spark wasps
  8 deep elf annihilators
  9 red draconians
  11 fire dragons
  5 deep elf death magi
  16 ettins
  4 deep elf high priests
  18 yaktaur captains
  8 great orbs of eyes
  27 hydras
  4 rakshasas
  A ghost crab (Swamp:3)
  Harold (D:8)
  12 ice dragons
  A hydra (shapeshifter) (Vaults:5)
  10 naga warriors
  24 anacondas
  3 hell beasts
  25 vault guards
  6 spriggan air magi
  A catoblepas (Gauntlet)
  3 centaur warriors
  2 shambling mangroves
  14 dancing weapons
  An anaconda (shapeshifter) (Gauntlet)
  31 two-headed ogres
  A vampire mage (Depths:2)
  7 tengu warriors
  3 death yaks
  11 deep troll earth magi
  13 ogre magi
  3 death knights
  9 deep troll shamans
  4 orc high priests
  7 spriggan berserkers
  15 alligators
  8 naga sharpshooters
  2 two-headed ogres (shapeshifter)
  A shock serpent (shapeshifter) (D:15)
  17 deep elf knights
  4 hell knights
  6 shock serpents
  11 spriggans
  2 sun demons
  A fire crab (shapeshifter) (Gauntlet)
  3 skeletal warriors (D:15)
  4 salamander mystics
  6 iron trolls
  5 unseen horrors
  17 swamp dragons
  2 spriggan druids (Swamp:3)
  8 glowing orange brains
  16 wizards
  A flayed ghost (Vaults:4)
  9 naga ritualists
  38 deep trolls
  11 deep elf archers
  11 ironbrand convokers
  5 harpies (Vaults:2)
  A necromancer (Vaults:5)
  11 mana vipers
  A lindwurm (Lair:6)
  4 phantasmal warriors
  8 orc knights
  69 deep elf magi
  An orb spider (shapeshifter) (D:15)
  A manticore (shapeshifter) (Vaults:4)
  9 orc sorcerers
  5 wolf spiders
  2 manticores
  42 slime creatures
  10 salamanders
  9 cyclopes
  A faun (shapeshifter) (Vaults:4)
  41 ugly things
  14 elephants (Lair:6)
  21 moths of wrath
  2 moths of wrath (shapeshifter)
  12 guardian serpents
  An elf zombie (Vaults:5)
  38 black mambas
  Joseph (D:8)
  2 molten gargoyles (Lair:6)
  14 vault sentinels
  A storm dragon simulacrum (Vaults:5)
  18 spiny frogs
  15 naga magi
  3 gargoyles
  An orange demon (Depths:3)
  A titan simulacrum (Vaults:5)
  10 rime drakes
  A torpor snail (Lair:4)
  A spiny frog (shapeshifter) (Depths:4)
  52 yaktaurs
  A human zombie (Vaults:5)
  2 rime drakes (shapeshifter) (Vaults:5)
  21 komodo dragons
  An efreet (D:6)
  A hellion (D:4)
  2 yaktaurs (shapeshifter)
  A komodo dragon (shapeshifter) (Elf:1)
  2 ice devils
  12 freezing wraiths
  3 tengu conjurers
  16 trolls
  4 jumping spiders (shapeshifter)
  3 meliai (D:14)
  3 jumping spiders (Vaults:4)
  Prince Ribbit (D:8)
  15 hornets
  3 polar bears
  A raiju (shapeshifter) (Depths:2)
  7 tyrant leeches
  4 blink frogs (Lair:4)
  9 bog bodies
  A hippogriff (shapeshifter) (Depths:3)
  2 dream sheep (Lair:6)
  2 centaur simulacra (Gauntlet)
  16 hippogriffs
  4 air elementals
  4 vampires
  A shadow (D:15)
  5 water elementals
  18 wyverns
  60 yaks
  2 wraiths
  A hungry ghost (D:12)
  A tarantella (shapeshifter) (Depths:3)
  Eustachio (D:6)
  A steam dragon (Lair:6)
  4 fire elementals
  4 basilisks
  26 vampire mosquitoes
  4 chaos spawn
  11 wargs
  3 insubstantial wisps (Swamp:3)
  42 nagas
  A warg (shapeshifter) (Depths:3)
  17 swamp worms
  2 acid dragons
  6 hell hounds
  A floating eye (shapeshifter) (Vaults:5)
  8 large abominations (Depths:5)
  8 water moccasins
  4 black bears
  6 porcupines
  A black bear (shapeshifter) (Elf:3)
  2 sky beasts
  36 orc warriors
  2 necrophages
  A hornet zombie (Ossuary)
  A sky beast (shapeshifter) (D:15)
  9 swamp drakes
  4 ice beasts
  3 phantoms
  39 ogres
  15 boggarts
  6 wolves (Lair:2)
  2 eyes of draining
  15 centaurs
  10 crocodiles
  A crocodile (shapeshifter) (Gauntlet)
  8 bullfrogs
  A wyvern zombie (D:6)
  2 earth elementals
  A hornet simulacrum (Gauntlet)
  A wyvern skeleton (D:12)
  A water moccasin zombie (Ossuary)
  2 scorpions
  3 small abominations (Depths:5)
  11 killer bees
  13 wights
  3 howler monkeys
  4 electric eels
  4 crimson imps
  3 bullfrog zombies
  3 lava snakes (Lair:6)
  2 wyvern simulacra (Gauntlet)
  5 centaur zombies
  2 quasits
  8 hounds
  A yaktaur simulacrum (Vaults:1)
  A human simulacrum (Vaults:2)
  6 jellies
  3 centaur skeletons
  14 orc priests
  3 bullfrog skeletons
  26 orc wizards
  Terence (D:2)
  2 iguanas
  Natasha (D:3)
  10 worker ants
  A killer bee zombie (Ossuary)
  3 hound zombies (Ossuary)
  17 mummies
  2 howler monkey zombies
  4 worker ant zombies
  12 gnolls
  12 adders
  An adder (shapeshifter) (Depths:2)
  A river rat (shapeshifter) (Vaults:4)
  A shadow imp (D:7)
  An ooze (D:2)
  4 adder zombies
  3 dart slugs
  A worm (D:3)
  10 leopard geckos
  75 orcs
  5 bats
  4 giant cockroaches
  7 hobgoblins
  3 jackals (D:10)
  3 quokkas
  2 ball pythons
  2 frilled lizards
  A giant cockroach zombie (Ossuary)
  10 goblins
  7 kobolds
  2 leopard gecko zombies (Ossuary)
  A quokka skeleton (D:8)
  2 quokka zombies (Ossuary)
  4 rats
  A rat zombie (D:2)
  A bush (Lair:1)
  A crawling corpse (Elf:3)
2183 creatures vanquished.

Vanquished Creatures (collateral kills)
  A tentacled monstrosity (Vaults:4)
  A wizard (D:15)
  A spiny frog (Lair:6)
  2 dream sheep (Lair:6)
  A crimson imp (D:15)
6 creatures vanquished.

Vanquished Creatures (others)
  2 deep elf master archers (Elf:3)
  2 nagarajas (Snake:4)
  2 naga sharpshooters (Snake:4)
  A shadow wraith (Vaults:1)
  A deep troll (Depths:4)
  2 deep elf archers (Elf:2)
  A deep elf mage (Elf:1)
  A moth of wrath (Zot:2)
  A bog body (Swamp:4)
  A crawling corpse (Elf:3)
  12 fungi
  9 plants
  A withered plant (Ossuary)
36 creatures vanquished.

Grand Total: 2225 creatures vanquished

Notes
Turn   | Place    | Note
-------+----------+-------------------------------------------
     0 | D:1      | Mulqof the Troll Hunter began the quest for the Orb.
     0 | D:1      | Reached XP level 1. HP: 19/19 MP: 0/0
   198 | D:1      | Reached skill level 1 in Unarmed Combat
   415 | D:1      | Reached XP level 2. HP: 27/27 MP: 1/1
   502 | D:1      | Reached skill level 2 in Unarmed Combat
   885 | D:2      | Noticed Terence
   895 | D:2      | Killed Terence
   895 | D:2      | Reached skill level 3 in Unarmed Combat
   895 | D:2      | Reached XP level 3. HP: 32/33 MP: 2/2
  1131 | D:2      | Reached XP level 4. HP: 28/41 MP: 3/3
  1155 | D:2      | Reached skill level 4 in Unarmed Combat
  1245 | D:2      | Found an ancient bone altar of Kikubaaqudgha.
  1602 | D:3      | Found a shattered altar of Ashenzari.
  1809 | D:3      | Found a hide-covered altar of Uskayaw.
  1809 | D:3      | Found a basalt altar of Yredelemnul.
  1816 | D:3      | Found a white marble altar of Elyvilon.
  1834 | D:3      | Reached XP level 5. HP: 43/48 MP: 4/4
  1848 | D:3      | Found an iron altar of Okawaru.
  1864 | D:3      | Found a hazy altar of Hepliaklqana.
  1864 | D:3      | Found a glowing golden altar of the Shining One.
  1865 | D:3      | Found a sacrificial altar of Ru.
  1870 | D:3      | Became a worshipper of Uskayaw the Reveler
  2092 | D:3      | Noticed Natasha
  2094 | D:3      | Reached * piety under Uskayaw
  2097 | D:3      | Killed Natasha
  2097 | D:3      | Reached ** piety under Uskayaw
  2099 | D:3      | Reached skill level 5 in Unarmed Combat
  2401 | D:4      | Reached skill level 1 in Invocations
  2490 | D:4      | Found a runed translucent gate.
  2490 | D:4      | Found a runed translucent gate.
  2490 | D:4      | Found a runed translucent gate.
  2491 | D:4      | Noticed TheAraber's ghost (amateur TeAE)
  2492 | D:4      | Identified the +7 short sword of the Bouncing Souls {elec,
                  | Str+3}
  2536 | D:4      | Noticed Sigmund
  2686 | D:5      | Entered Level 5 of the Dungeon
  2715 | D:5      | Noticed a centaur
  2734 | D:5      | Killed a centaur
  2734 | D:5      | Reached XP level 6. HP: 17/55 MP: 6/6
  2968 | D:5      | Noticed a two-headed ogre
  2974 | D:5      | Reached *** piety under Uskayaw
  2977 | D:5      | Killed a two-headed ogre
  2977 | D:5      | Reached skill level 7 in Unarmed Combat
  2977 | D:5      | Reached XP level 7. HP: 62/62 MP: 6/9
  3031 | D:5      | Found a hazy altar of Hepliaklqana.
  3057 | D:5      | Reached XP level 8. HP: 60/70 MP: 10/10
  3290 | D:6      | Reached skill level 5 in Invocations
  3316 | D:6      | Got a steaming ivory ring
  3317 | D:6      | Identified the ring of Ulomuw {+Blink +Inv rN++ Str+6
                  | Dex-2} (You found it on level 6 of the Dungeon)
  3436 | D:6      | Found a staircase to the Ecumenical Temple.
  3457 | D:6      | Found a sand-covered staircase.
  3464 | Ossuary  | Entered an ossuary
  3492 | Ossuary  | Reached skill level 8 in Unarmed Combat
  3495 | Ossuary  | Reached **** piety under Uskayaw
  3720 | Ossuary  | Reached skill level 9 in Unarmed Combat
  3765 | Ossuary  | Reached ***** piety under Uskayaw
  4067 | D:6      | Reached skill level 10 in Unarmed Combat
  4067 | D:6      | Reached XP level 9. HP: 80/80 MP: 7/11
  4174 | D:6      | Noticed Eustachio
  4179 | D:6      | Killed Eustachio
  4559 | D:6      | Found a faded altar of an unknown god.
  4559 | D:6      | Found an ornate altar of the Wu Jian Council.
  4566 | D:6      | Found a glowing silver altar of Zin.
  4568 | D:6      | Found a deep blue altar of Sif Muna.
  4569 | D:6      | Found a faded altar of an unknown god.
  4803 | D:7      | Found a snail-covered altar of Cheibriados.
  5445 | D:8      | Noticed Prince Ribbit
  5447 | D:8      | Noticed Harold
  5450 | D:8      | Killed Prince Ribbit
  5465 | D:8      | Killed Harold
  5465 | D:8      | Reached skill level 5 in Fighting
  5465 | D:8      | Reached skill level 11 in Unarmed Combat
  5569 | D:8      | Noticed Joseph
  5586 | D:8      | Killed Joseph
  5586 | D:8      | Reached XP level 10. HP: 79/96 MP: 8/12
  5861 | D:8      | You fall through a shaft for 2 floors!
  5861 | D:10     | Entered Level 10 of the Dungeon
  5938 | D:10     | Reached skill level 12 in Unarmed Combat
  5959 | D:10     | Reached ****** piety under Uskayaw
  6044 | D:10     | Found Soorgh's General Store.
  6537 | D:9      | Reached skill level 5 in Dodging
  6540 | D:9      | Reached XP level 11. HP: 89/109 MP: 9/13
  6614 | D:9      | Found a staircase to the Lair.
  6920 | D:9      | Found a radiant altar of Vehumet.
  7889 | D:10     | Found a portal to a secret trove of treasure.
  8125 | Lair:1   | Entered Level 1 of the Lair of Beasts
  9575 | Lair:2   | Found a staircase to the Snake Pit.
  9637 | Lair:2   | Reached skill level 13 in Unarmed Combat
 10198 | Lair:3   | Noticed a six-headed hydra
 10426 | Lair:3   | Killed a six-headed hydra
 10426 | Lair:3   | Reached skill level 1 in Evocations
 10426 | Lair:3   | Reached XP level 12. HP: 61/119 MP: 9/17
 10776 | Lair:3   | Found a burning altar of Makhleb.
 11466 | Lair:4   | Found a staircase to the Swamp.
 11514 | Lair:4   | Noticed a death yak
 11530 | Lair:4   | Killed a death yak
 12095 | Lair:5   | Reached skill level 5 in Evocations
 12119 | Lair:5   | Reached skill level 14 in Unarmed Combat
 12270 | Lair:5   | Found a transporter.
 12271 | Lair:5   | Found a bloodstained altar of Trog.
 12271 | Lair:5   | Identified the +4 trident of Yjira {antimagic, Int+4 Dex+2}
 12271 | Lair:5   | Noticed oldnick's ghost (journeyman TrMo)
 12289 | Lair:5   | Identified the +4 trident "Dexyet" {vamp, -Tele +Inv Int+3
                  | Dex+4}
 12291 | Lair:5   | Noticed an eight-headed hydra
 12310 | Lair:5   | Killed an eight-headed hydra
 12391 | Lair:5   | Reached skill level 1 in Armour
 12396 | Lair:5   | Noticed a death yak
 12403 | Lair:5   | Noticed a death yak
 12406 | Lair:5   | Killed a death yak
 12415 | Lair:5   | Killed a death yak
 12446 | Lair:5   | Found a transporter.
 12536 | Lair:5   | Reached XP level 13. HP: 106/127 MP: 18/18
 12729 | Lair:5   | Found a staircase to the Slime Pits.
 12732 | Lair:5   | Learned a level 1 spell: Summon Butterflies
 12838 | Lair:5   | Reached skill level 15 in Unarmed Combat
 13023 | Lair:5   | Identified a scroll of acquirement
 13076 | Lair:6   | Entered Level 6 of the Lair of Beasts
 13106 | Lair:6   | Reached skill level 5 in Armour
 13574 | Lair:6   | Found a large runed translucent door.
 13575 | Lair:6   | Found a large runed translucent door.
 13575 | Lair:6   | Noticed a fire dragon
 14034 | Lair:6   | Reached XP level 14. HP: 131/140 MP: 19/19
 14498 | Lair:6   | Got a faintly glowing bone ring
 14515 | Lair:6   | Identified the ring of the Middle {Int+5 Stlth-} (You found
                  | it on level 6 of the Lair of Beasts)
 15378 | D:11     | Found a staircase to the Orcish Mines.
 15827 | D:11     | Found Ganeest's Distillery.
 16277 | D:12     | Reached skill level 10 in Fighting
 16923 | Orc:1    | Entered Level 1 of the Orcish Mines
 17149 | Orc:1    | Noticed an orc warlord
 17234 | Orc:1    | Killed an orc warlord
 17914 | Orc:2    | Entered Level 2 of the Orcish Mines
 17939 | Orc:2    | Found a gate leading to a gauntlet.
 17965 | Gauntlet | Entered a Gauntlet
 17965 | Gauntlet | Found a transporter.
 17965 | Gauntlet | Found a transporter.
 17969 | Gauntlet | Found a transporter.
 17969 | Gauntlet | Found a transporter.
 17979 | Gauntlet | Found a transporter.
 17990 | Gauntlet | Found a transporter.
 17992 | Gauntlet | Found a transporter.
 18049 | Gauntlet | Found a transporter.
 18062 | Gauntlet | Found a transporter.
 18079 | Gauntlet | Found a transporter.
 18090 | Gauntlet | Found a transporter.
 18165 | Gauntlet | Found a transporter.
 18180 | Gauntlet | Found a transporter.
 18197 | Gauntlet | Found a transporter.
 18210 | Gauntlet | Found a transporter.
 18626 | Orc:2    | Found a staircase to the Elven Halls.
 19277 | Orc:2    | Reached XP level 15. HP: 108/149 MP: 20/20
 19670 | Orc:2    | Found Vaodoj's General Store.
 19685 | Orc:2    | Found Yjutuag's General Store.
 19723 | Orc:2    | Found Vuluddeana's Antique Armour Boutique.
 19725 | Orc:2    | Found Fiwatesoex's Book Emporium.
 19761 | Orc:2    | Bought a scroll of identify for 20 gold pieces
 19761 | Orc:2    | Bought a scroll of blinking for 75 gold pieces
 19763 | Orc:2    | Bought 2 potions of heal wounds for 170 gold pieces
 19763 | Orc:2    | Bought a scroll of identify for 34 gold pieces
 19763 | Orc:2    | Bought a scroll of identify for 34 gold pieces
 20046 | D:13     | Learned a level 4 spell: Passage of Golubria
 20303 | D:13     | Found a gate to the Vaults.
 20610 | D:13     | Reached skill level 10 in Dodging
 20622 | D:13     | Reached skill level 10 in Armour
 20817 | D:14     | Noticed Louise
 21342 | D:14     | Killed Louise
 21520 | D:15     | Entered Level 15 of the Dungeon
 21547 | D:15     | Reached skill level 1 in Shields
 21948 | D:15     | Found a portal to a secret trove of treasure.
 22035 | D:15     | Reached skill level 5 in Shields
 22056 | D:15     | Found a staircase to the Depths.
 22934 | Swamp:1  | Entered Level 1 of the Swamp
 23220 | Swamp:1  | Reached XP level 16. HP: 151/158 MP: 21/21
 24221 | Swamp:2  | Learned a level 1 spell: Apportation
 24353 | Swamp:2  | Noticed Aizul
 24363 | Swamp:2  | Killed Aizul
 25489 | Swamp:3  | Reached skill level 10 in Shields
 25744 | Swamp:3  | Got a slimy platinum ring
 25764 | Swamp:3  | Identified the ring of the Five Lives {Int+2 SInv} (You
                  | acquired it on level 3 of the Swamp)
 26255 | Swamp:4  | Entered Level 4 of the Swamp
 26277 | Swamp:4  | Noticed a thorn hunter
 26296 | Swamp:4  | Killed a thorn hunter
 27223 | Swamp:4  | Reached XP level 17. HP: 163/166 MP: 22/22
 28039 | Swamp:4  | Got a decaying rune of Zot
 28331 | Snake:1  | Entered Level 1 of the Snake Pit
 28800 | Snake:1  | Learned a level 1 spell: Confusing Touch
 30162 | Snake:2  | Found Ucselic's Mass Market.
 31015 | Snake:3  | Found a white marble altar of Elyvilon.
 31360 | Snake:4  | Entered Level 4 of the Snake Pit
 31596 | Snake:4  | Learned a level 3 spell: Portal Projectile
 31676 | Snake:4  | Reached XP level 18. HP: 150/176 MP: 24/24
 32030 | Snake:4  | Found Zokku's Gadget Shop.
 32030 | Snake:4  | Found Opevett's Jewellery Shoppe.
 32031 | Snake:4  | Found Abiotti's Jewellery Shoppe.
 32051 | Snake:4  | Bought the ring "Rusoichido" {rF++ AC+5 Int-4} for 995 gold
                  | pieces
 32051 | Snake:4  | Bought an uncursed ring of protection from magic for 350
                  | gold pieces
 32126 | Snake:4  | Reached skill level 15 in Shields
 32180 | Snake:4  | Reached skill level 10 in Invocations
 32951 | Snake:4  | Got a serpentine rune of Zot
 33560 | Elf:1    | Entered Level 1 of the Elven Halls
 33785 | Elf:1    | Found a bloodstained altar of Trog.
 34067 | Elf:1    | Identified the Guide on Blows and Bruises
 34158 | Elf:1    | You fall through a shaft!
 34158 | Elf:2    | Found a huge runed translucent gate.
 34158 | Elf:2    | Found a huge runed translucent gate.
 34158 | Elf:2    | Found a huge runed translucent gate.
 34159 | Elf:2    | Found a huge runed translucent gate.
 34160 | Elf:2    | Found a huge runed translucent gate.
 34368 | Elf:1    | Found Turricvu's Armour Boutique.
 34436 | Elf:1    | Found Heapa's Magic Scroll Shoppe.
 34442 | Elf:1    | Bought a scroll of identify for 28 gold pieces
 34442 | Elf:1    | Bought a scroll of enchant armour for 105 gold pieces
 34467 | Elf:1    | Bought a scroll of teleportation for 42 gold pieces
 34467 | Elf:1    | Bought a scroll of fear for 49 gold pieces
 35146 | Elf:2    | Reached XP level 19. HP: 189/189 MP: 26/26
 35716 | Elf:2    | Reached skill level 16 in Unarmed Combat
 35867 | Elf:3    | Entered Level 3 of the Elven Halls
 35870 | Elf:3    | Found Omiel's Distillery.
 36822 | Elf:3    | Reached skill level 17 in Unarmed Combat
 37001 | Elf:3    | Identified the ring "Qypt" {rC+++ rN+ Str+4 Int-4}
 37346 | Elf:3    | Reached skill level 18 in Unarmed Combat
 37548 | Elf:3    | Found the +5 pair of quick blades "Gyre" and "Gimble"
                  | {pierce, Dex-3}
 37591 | Elf:3    | Identified the Compendium of the Glacial Rocks
 37835 | Elf:3    | Identified the +9 war axe "Dihiff" {flame, Int+8 Dex+3}
 37835 | Elf:3    | Identified the +1 leather armour "Roroilah" {+Inv MR+}
 37835 | Elf:3    | Identified the amulet "Opsirrah" {RegenMP Dex+3 SInv}
 38060 | Vaults:1 | Entered Level 1 of the Vaults
 38222 | Vaults:1 | Reached skill level 5 in Throwing
 38254 | Vaults:1 | Reached XP level 20. HP: 156/200 MP: 28/28
 38994 | Vaults:1 | You fall through a shaft!
 39740 | Vaults:2 | Noticed Nikola
 39750 | Vaults:2 | Killed Nikola
 40116 | Vaults:2 | Found Gozag's Antique Armour Emporium.
 40168 | Vaults:2 | Found an opulent altar of Gozag.
 40171 | Vaults:2 | Found Gozag's Antique Weapon Shoppe.
 40178 | Vaults:2 | Found Gozag's Antique Weapon Shoppe.
 41335 | Vaults:3 | Found a staircase to the Crypt.
 41515 | Vaults:3 | Found a runed translucent gate.
 41515 | Vaults:3 | Found a runed translucent gate.
 41515 | Vaults:3 | Found a runed translucent gate.
 41515 | Vaults:3 | Found an ancient bone altar of Kikubaaqudgha.
 41515 | Vaults:3 | Noticed an ancient lich
 41515 | Vaults:3 | Noticed an ancient lich
 41515 | Vaults:3 | Noticed Bnni's ghost (adept VSAs)
 41516 | Vaults:3 | Noticed an ancient lich
 42497 | Vaults:4 | Noticed Mara
 42506 | Vaults:4 | Noticed Mulqof's illusion
 42522 | Vaults:4 | Killed Mara
 42522 | Vaults:4 | Reached skill level 10 in Throwing
 42522 | Vaults:4 | Reached XP level 21. HP: 194/214 MP: 29/29
 42673 | Vaults:4 | Found a large runed translucent door.
 42673 | Vaults:4 | Noticed Bnni's ghost (legendary FoHu)
 42674 | Vaults:4 | Found a large runed translucent door.
 43089 | Vaults:4 | Reached skill level 15 in Fighting
 44013 | Depths:1 | Entered Level 1 of the Depths
 44515 | Depths:1 | Found a gateway to a ziggurat.
 44742 | Depths:1 | Found Xontuefi's Blood Bar.
 45009 | Depths:1 | Found the ring of Phasing {EV+8}
 45072 | Depths:1 | Reached skill level 19 in Unarmed Combat
 45110 | Depths:1 | Found a one-way gate leading to the halls of Pandemonium.
 45141 | Depths:1 | Found a gateway to Hell.
 45151 | Depths:1 | You fall through a shaft!
 45461 | Depths:1 | You fall through a shaft!
 45849 | Depths:2 | Paralysed by a lich for 2 turns
 45995 | Depths:2 | Reached XP level 22. HP: 226/227 MP: 31/31
 46295 | Depths:2 | Noticed Sojobo
 46309 | Depths:2 | Killed Sojobo
 46605 | Depths:2 | Found Eqaedyeq's Distillery.
 47147 | Depths:2 | Reached skill level 20 in Unarmed Combat
 47376 | Depths:2 | Reached skill level 15 in Invocations
 47967 | Depths:3 | Found a one-way gate to the infinite horrors of the Abyss.
 47970 | Depths:3 | Noticed Jory
 48007 | Depths:3 | Killed Jory
 48021 | Depths:3 | Identified the ring of Serendipity {MP+9 Stlth-}
 48283 | Depths:3 | Reached XP level 23. HP: 227/237 MP: 33/33
 48388 | Depths:3 | Found Tailekem's Distillery.
 48415 | Depths:3 | Bought a potion of haste for 170 gold pieces
 48415 | Depths:3 | Bought a potion of haste for 170 gold pieces
 48419 | Depths:3 | Bought a potion of might for 68 gold pieces
 48419 | Depths:3 | Bought a potion of invisibility for 136 gold pieces
 48419 | Depths:3 | Bought a potion of invisibility for 136 gold pieces
 48918 | Depths:4 | Reached skill level 21 in Unarmed Combat
 48922 | Depths:4 | Noticed a caustic shrike
 48939 | Depths:4 | Killed a caustic shrike
 49094 | Depths:4 | Found a flickering gateway to a bazaar.
 49101 | Bazaar   | Entered a bazaar
 49101 | Bazaar   | Found Piro's Assorted Antiques.
 49101 | Bazaar   | Found Fiureler's Jewellery Shoppe.
 49101 | Bazaar   | Found Nene's Antique Weapon Emporium.
 49101 | Bazaar   | Found Bomn's Weapon Emporium.
 49113 | Bazaar   | Bought a potion of agility for 124 gold pieces
 49118 | Bazaar   | Bought the ring "Xafoan" {rPois MR+ Dex+2} for 291 gold
                  | pieces
 49847 | Depths:5 | Entered Level 5 of the Depths
 50371 | Depths:5 | Identified the cursed +1 broad axe of the Madman {chop,
                  | +Rage +Fly} (You found it on level 5 of the Depths)
 50765 | Depths:5 | Found a gate to the Realm of Zot.
 51521 | Depths:2 | Bought a potion of haste for 120 gold pieces
 51521 | Depths:2 | Bought a potion of invisibility for 96 gold pieces
 51521 | Depths:2 | Bought a potion of heal wounds for 60 gold pieces
 51821 | Elf:3    | Bought a potion of heal wounds for 80 gold pieces
 51821 | Elf:3    | Bought a potion of heal wounds for 80 gold pieces
 51952 | D:11     | Bought a potion of heal wounds for 70 gold pieces
 51952 | D:11     | Bought a potion of heal wounds for 70 gold pieces
 51952 | D:11     | Bought a potion of agility for 56 gold pieces
 52216 | Vaults:5 | Entered Level 5 of the Vaults
 52253 | Vaults:4 | Reached skill level 22 in Unarmed Combat
 52350 | Vaults:4 | Reached XP level 24. HP: 182/253 MP: 33/33
 52490 | Vaults:5 | Identified the ring of Suerrou {Wiz -Tele +Inv rF+ Dex+3}
 52524 | Vaults:5 | Noticed an ancient lich
 52659 | Vaults:5 | Killed an ancient lich
 53123 | Vaults:4 | Reached skill level 23 in Unarmed Combat
 53307 | Vaults:5 | Identified the ring of the Present {rPois rC- Str+2 Int+6}
 54057 | Vaults:5 | Got a clouded golden ring
 54058 | Vaults:5 | Identified the ring of Ele Tirgh {rN+ Stlth+} (You found it
                  | on level 5 of the Vaults)
 54226 | Vaults:5 | Got a silver rune of Zot
 54423 | Vaults:5 | Reached skill level 24 in Unarmed Combat
 55210 | Zot:1    | Entered Level 1 of the Realm of Zot
 55291 | Depths:5 | Reached XP level 25. HP: 108/265 MP: 33/33
 55686 | Zot:1    | Found a burning altar of Makhleb.
 58258 | Zot:3    | Noticed an orb of fire
 58752 | Zot:3    | Gained mutation: You are clumsy. (Dex -2) [an orb of fire]
 58758 | Zot:3    | Killed an orb of fire
 59015 | Zot:3    | Got a steaming steel ring
 59887 | Zot:4    | Reached XP level 26. HP: 275/280 MP: 33/33
 59997 | Zot:4    | Identified the ring "Tismiofi" {rPois rN+ MR++ MP+9 Str+4}
                  | (You found it on level 3 of the Realm of Zot)
 60835 | Zot:5    | Entered Level 5 of the Realm of Zot
 61046 | Zot:5    | Found a runed translucent door.
 61048 | Zot:5    | Noticed Danqa's ghost (legendary HOFi)
 61387 | Zot:5    | Noticed an orb of fire
 61393 | Zot:5    | Noticed an ancient lich
 61401 | Zot:5    | Noticed an orb of fire
 61557 | Zot:5    | Noticed an ancient lich
 61558 | Zot:5    | Gained mutation: Your magical capacity is low. (-10% MP)
                  | [an orb of fire]
 61565 | Zot:4    | Gained mutation: Scrolls take you a little longer to read.
                  | [an orb of fire]
 61572 | Zot:4    | Killed an orb of fire
 61681 | Zot:4    | Lost mutation: Scrolls take you a little longer to read.
                  | [potion of mutation]
 61681 | Zot:4    | Lost mutation: Your magical capacity is low. (-10% MP)
                  | [potion of mutation]
 61681 | Zot:4    | Gained mutation: Your mind is acute. (Int +2) [potion of
                  | mutation]
 61681 | Zot:4    | Gained mutation: Your spells are a little harder to cast,
                  | but a little more powerful. [potion of mutation]
 61681 | Zot:4    | Gained mutation: Your spells are harder to cast, but more
                  | powerful. [potion of mutation]
 61695 | Zot:5    | Noticed an orb of fire
 61748 | Zot:5    | Lost mutation: Your mind is acute. (Int +2) [an orb of
                  | fire]
 61761 | Zot:4    | Killed an orb of fire
 62003 | Zot:4    | Gained mutation: You are dopey. (Int -2) [an orb of fire]
 62008 | Zot:4    | Gained mutation: You are weak. (Str -2) [an orb of fire]
 62009 | Zot:4    | Gained mutation: Your body sometimes deteriorates upon
                  | taking damage. [an orb of fire]
 62012 | Zot:4    | Killed an orb of fire
 62012 | Zot:4    | Reached skill level 15 in Armour
 62071 | Zot:5    | Killed an ancient lich
 62121 | Zot:5    | Noticed an ancient lich
 62199 | Zot:5    | Noticed an ancient lich
 62209 | Zot:5    | Killed an ancient lich
 62278 | Zot:5    | Killed an ancient lich
 62301 | Zot:5    | Noticed an ancient lich
 62302 | Zot:5    | Noticed an ancient lich
 62313 | Zot:5    | Killed an ancient lich
 62319 | Zot:5    | Noticed an ancient lich
 62409 | Zot:5    | Reached XP level 27. HP: 293/296 MP: 33/33
 62424 | Zot:5    | Killed an ancient lich
 62427 | Zot:5    | Killed an ancient lich
 62427 | Zot:5    | Killed an ancient lich
 62685 | Zot:5    | Noticed an orb of fire
 62694 | Zot:5    | Gained mutation: Potions are less effective at restoring
                  | your health. [an orb of fire]
 62697 | Zot:5    | Gained mutation: You tend to lose your temper in combat.
                  | [an orb of fire]
 62699 | Zot:5    | Gained mutation: Your flesh is cold resistant. (rC+) [an
                  | orb of fire]
 62700 | Zot:5    | Killed an orb of fire
 62913 | Zot:5    | Lost mutation: You are weak. (Str -2) [potion of mutation]
 62913 | Zot:5    | Lost mutation: You tend to lose your temper in combat.
                  | [potion of mutation]
 62913 | Zot:5    | Lost mutation: You are clumsy. (Dex -2) [potion of
                  | mutation]
 62913 | Zot:5    | Gained mutation: Your spells are much harder to cast, but
                  | much more powerful. [potion of mutation]
 62913 | Zot:5    | Gained mutation: You are robust. (+10% HP) [potion of
                  | mutation]
 63641 | Elf:3    | Bought a potion of mutation for 128 gold pieces
 63641 | Elf:3    | Bought a potion of mutation for 128 gold pieces
 63641 | Elf:3    | Bought a potion of agility for 64 gold pieces
 63773 | D:11     | Bought a potion of mutation for 112 gold pieces
 63842 | D:10     | Bought a potion of mutation for 88 gold pieces
 63842 | D:10     | Bought a phantom mirror for 330 gold pieces
 64067 | Depths:2 | Bought a potion of mutation for 96 gold pieces
 64332 | Zot:5    | Got the Orb of Zot
 64713 | D:11     | Noticed Vipoxzug the pandemonium lord
 64726 | D:11     | Killed Vipoxzug the pandemonium lord
 65049 | D:$      | Escaped with the Orb!

Skill      XL: |  1  2  3  4  5  6  7  8  9 10 11 12 13 14 15 16 17 18 19 20 21 22 23 24 25 26 27 |
---------------+----------------------------------------------------------------------------------+-----
Unarmed Combat | 1 3 4 5 7 10 11 12 13 14 15 18 19 20 22 24 | 24.9
Invocations    | 2 4 5 8 9 11 12 13 15 | 15.0
Fighting       | 2 5 7 8 9 10 12 14 15 17 18 19 21 22 | 22.0
Dodging        | 2 5 6 9 10 | 10.0
Evocations     | 1 5 6 |  6.0
Armour         | 3 6 9 10 13 15 | 15.0
Shields        | 7 12 14 15 | 15.0
Throwing       | 5 10 | 10.1
Stealth        | |  0.3

Action                   |  1- 3 |  4- 6 |  7- 9 | 10-12 | 13-15 | 16-18 | 19-21 | 22-24 | 25-27 || total
-------------------------+-------+-------+-------+-------+-------+-------+-------+-------+-------++-------
Melee: Unarmed           |    70 |   120 |   254 |   564 |  1248 |  1705 |  1530 |  1382 |   877 ||  7750
       Punch             |       |     2 |    18 |    37 |    79 |       |       |       |       ||   136
Throw: Large rock        |     2 |     9 |     1 |    10 |     7 |    62 |    68 |   100 |   123 ||   382
       Throwing net      |       |     1 |     3 |     6 |       |       |       |       |     7 ||    17
       Tomahawk          |       |       |       |    12 |       |       |       |       |       ||    12
Invok: Grand Finale      |       |       |       |       |       |     3 |     2 |     2 |       ||     7
       Line Pass         |       |       |       |       |       |     7 |       |       |     1 ||     8
       Stomp             |       |       |       |       |       |     1 |       |       |       ||     1
 Abil: Evoke Blink       |       |       |     1 |       |     1 |       |       |       |       ||     2
Evoke: Wand              |       |       |       |    16 |    27 |    41 |    11 |     4 |    11 ||   110
       Box of beasts     |       |       |       |       |     2 |       |       |       |       ||     2
       Lamp of fire      |       |       |       |       |     1 |     5 |     3 |     4 |     2 ||    15
       Phial of floods   |       |       |       |       |     2 |       |     1 |       |       ||     3
       Phantom mirror    |       |       |       |       |     1 |       |       |     1 |     1 ||     3
  Use: Scroll            |       |     6 |     6 |    11 |    16 |    12 |     4 |     8 |     7 ||    70
       Potion            |       |     1 |     4 |     2 |     4 |     2 |     2 |     7 |    21 ||    43
 Stab: Sleeping          |       |     1 |     1 |       |       |       |       |       |       ||     2
       Paralysed         |       |       |     9 |    44 |    74 |   106 |   129 |   160 |    73 ||   595
       Distracted        |       |       |     1 |       |       |       |     1 |     1 |       ||     3
       Invisible         |       |       |     2 |       |     1 |     1 |       |       |     2 ||     6
       Confused          |       |       |       |       |       |     2 |       |       |     1 ||     3
       Held in net/web   |       |       |       |       |       |       |       |       |     4 ||     4
  Eat: Chunk             |    16 |    17 |    19 |    61 |   100 |    97 |   100 |    78 |    64 ||   552
       Ration            |       |       |     1 |       |       |     6 |     1 |     1 |     6 ||    15
Armor: Robe              |    16 |    23 |    41 |    20 |       |       |       |       |       ||   100
       Troll leather arm |       |       |       |    65 |       |       |       |       |       ||    65
       Pearl dragon scal |       |       |       |    53 |   362 |   485 |   236 |   267 |   131 ||  1534
Dodge: Dodged            |    24 |    49 |    99 |   321 |   673 |   570 |   198 |   420 |   196 ||  2550
       Deflected         |       |       |       |       |     5 |       |       |       |       ||     5
Block: Large shield      |       |       |       |       |   152 |  1536 |   316 |   235 |       ||  2239
       Reflection        |       |       |       |       |       |    57 |    32 |    11 |       ||   100
       Shield            |       |       |       |       |       |       |   911 |  1133 |   668 ||  2712
